 Dungeon Crawl Stone Soup version 0.31-a0-232-gb1c03b2570 (webtiles) character file.

Game seed: 2124938081502041108

667 qw the Shooter (level 7, -5/60 HPs)
             Began as a Minotaur Hexslinger on July 7, 2023.
             Killed from afar by a steam dragon (14 damage)
             ... with a ball of steam
             ... on level 5 of the Dungeon.
             The game lasted 00:01:26 (3975 turns).

qw the Shooter (Minotaur Hexslinger)                Turns: 3975, Time: 00:01:26

Health: -5/60      AC:  5    Str: 13    XL:     7   Next: 31%
Magic:  7/7        EV: 11    Int: 10    God:
Gold:   230        SH:  0    Dex: 14    Spells: 7/8 levels left

rFire   . . .        Y - +1 sling
rCold   . . .        (no shield)
rNeg    . . .        d - +0 ring mail
rPois   .            (helmet restricted)
rElec   .            (no cloak)
rCorr   .            (no gloves)
SInv    .            (no boots)
Will    .....        f - amulet of faith
Stlth   +            b - +4 ring of slaying {mikee}
HPRegen 0.30/turn    (no ring)
MPRegen 0.10/turn

%: faith
@: no status effects
A: horns 2, retaliatory headbutt
a: no special abilities


You were on level 5 of the Dungeon.
You visited 2 branches of the dungeon, and saw 6 of its levels.

You collected 258 gold pieces.
You spent 28 gold pieces at shops.


Innate Abilities, Weirdness & Mutations

You have a pair of horns on your head.
You reflexively headbutt those who attack you in melee.


   Skills:
 - Level 4.5 Fighting
 + Level 7.9 Ranged Weapons
 - Level 1.0 Armour
 - Level 2.1 Dodging
 - Level 1.0 Spellcasting
 - Level 2.0 Hexes


You had 7 spell levels left.
You knew the following spells:

 Your Spells              Type           Power      Damage    Failure   Level
a - Slow                  Hex            16%        N/A       32%         1

Your spell library contained the following spells:

 Spells                   Type           Power      Damage    Failure   Level
 Inner Flame              Hex/Fire       2%         N/A       82%         3
 Portal Projectile        Hex/Tloc       4%         N/A       82%         3
 Cause Fear               Hex            2%         N/A       97%         4

Inventory:

Hand Weapons
 Y - a +1 sling (weapon)
Armour
 d - a +0 ring mail (worn)
Jewellery
 b - a +4 ring of slaying (left hand) {mikee}
 c - an amulet of the acrobat
 f - an amulet of faith (around neck)
Scrolls
 g - a scroll of identify
 i - 2 scrolls of teleportation
Potions
 a - a potion of cancellation
 e - a potion of magic {unknown}
 h - a potion of heal wounds {unknown}
 j - a potion of resistance {unknown}
 k - a potion of curing {unknown}

Dungeon Overview and Level Annotations

Branches:
Dungeon (5/15)             Temple (1/1) D:4

Altars:
Cheibriados
Elyvilon
Fedhas
Gozag
Hepliaklqana
Kikubaaqudgha
Makhleb
Nemelex Xobeh
Qazlal
Ru
Sif Muna
Trog
Zin
The Shining One

Shops:
D:1 *   D:3 (


Message History

You see here a scorpion corpse.
j - a fizzy ruby potion
Enter note:
Enter note: As you open the door, it creaks loudly!
A wraith and a steam dragon come into view.
The steam dragon hisses angrily.
Found six items.
Enter note:
Enter note: You shoot a sling bullet.
The sling bullet hits the steam dragon.
The steam dragon is lightly wounded.
You shoot a sling bullet.
The sling bullet barely misses the steam dragon.
The sling bullet barely misses the wraith.
The steam dragon bites you! The steam dragon claws you.
You shoot a sling bullet.
The sling bullet barely misses the steam dragon.
The sling bullet barely misses the wraith.
The steam dragon breathes steam at you. The ball of steam hits you!
You shoot a sling bullet. The sling bullet hits the steam dragon.
The steam dragon is moderately wounded.
You are engulfed in a cloud of scalding steam.
The steam dragon bites you. The steam dragon claws you.
You shoot a sling bullet.
The sling bullet barely misses the steam dragon.
The sling bullet hits the wraith!
The wraith is moderately damaged.
You are engulfed in a cloud of scalding steam.
The steam dragon closely misses you. The steam dragon claws you.
The steam dragon closely misses you. You furiously retaliate!
You headbutt the steam dragon! The steam dragon misses you.
You shoot a sling bullet.
The sling bullet hits the steam dragon but does no damage.
The steam dragon is severely wounded.
You are engulfed in a cloud of scalding steam.
The steam dragon breathes steam at you. The ball of steam hits you!
You die...

.#..#..#.h# #...~...# #.#
..S.#.....# ##.~}~..###.#
shsl#.....# #.~~.......#
###################.....##.#...
...................###.#..>#.#.
.......................#.###.#
##################...........
....#.....#.....ยค#####.......
....#...).#.....@# #.#.##.#
.#..#..#%)#..###D# #.#.# .#
.#..#..#..#..# /W# #.#.#
.#.....#.....#.).# #.# #
.#.....#.....#!$?# .#
##################


You could see a wraith and a steam dragon (catching breath).

Vanquished Creatures
  A black bear (D:4)
  A sky beast (D:3)
  2 scorpions (D:5)
  A hound (D:5)
  A sleepcap (D:4)
  A jelly (D:4)
  An iguana (D:5)
  2 orc wizards (D:4)
  11 adders
  5 worms
  4 dart slugs
  4 orcs
  8 ball pythons
  7 endoplasms
  3 giant cockroaches
  12 goblins
  12 hobgoblins
  2 jackals (D:4)
  3 quokkas
  4 bats
  2 frilled lizards
  5 kobolds
  4 rats
96 creatures vanquished.

Notes
Turn   | Place    | Note
-------+----------+-------------------------------------------
     0 | D:1      | qw the Minotaur Hexslinger began the quest for the Orb.
     0 | D:1      | Reached XP level 1. HP: 16/16 MP: 1/1
     0 | D:1      | 0 ||| qw: Version: 0.3-a-46-gb1f654a
     0 | D:1      | 0 ||| qw: Game counter: 2233
     0 | D:1      | 0 ||| qw: Melee chars always use a shield: true
     0 | D:1      | 0 ||| qw: God list: Okawaru
     0 | D:1      | 0 ||| qw: Allow faded altars: false
     0 | D:1      | 0 ||| qw: Do Orc after clearing Dungeon:15 true
     0 | D:1      | 0 ||| qw: Do second Lair branch before Depths: true
     0 | D:1      | 0 ||| qw: Lair rune preference: random
     0 | D:1      | 0 ||| qw: Goals: Normal
     0 | D:1      | 0 ||| PLANNING D:1-11
   247 | D:1      | Reached skill level 3 in Ranged Weapons
   247 | D:1      | Reached XP level 2. HP: 23/23 MP: 2/2
   405 | D:1      | Found Mujucvue's General Store.
   410 | D:1      | 410 ||| SHOPLISTING potion of curing (42 gold, have 33).
   410 | D:1      | 410 ||| SHOPLISTING scroll of enchant weapon (105 gold,
                  | have 33).
   410 | D:1      | 410 ||| BUYING scroll of identify (28 gold).
   410 | D:1      | Bought a scroll of identify for 28 gold pieces
   410 | D:1      | 410 ||| SHOPLISTING scroll of teleportation (42 gold, have
                  | 5).
   720 | D:1      | 720 ||| UPGRADING to +0 ring mail.
   730 | D:1      | 730 ||| DROPPING +0 robe.
   748 | D:1      | Reached XP level 3. HP: 29/29 MP: 3/3
  1071 | D:1      | 1071 ||| READING scroll labelled WERYME VENUDO.
  1072 | D:1      | 1072 ||| READING scroll labelled ODEAJYM FIMAP.
  1073 | D:1      | 1073 ||| READING scroll labelled FYWUSA KOAR.
  1074 | D:1      | 1074 ||| DROPPING scroll of poison.
  1185 | D:2      | Reached skill level 4 in Ranged Weapons
  1243 | D:2      | Reached skill level 1 in Armour
  1464 | D:2      | Reached XP level 4. HP: 36/36 MP: 4/4
  1857 | D:2      | 1857 ||| UPGRADING to +4 ring of slaying {mikee}.
  1858 | D:2      | 1858 ||| READING scroll labelled EMAIGI OSKASK.
  1861 | D:2      | 1861 ||| DRINKING 2 fizzy inky potions.
  1862 | D:2      | 1862 ||| DROPPING potion of brilliance.
  2002 | D:3      | Reached skill level 5 in Ranged Weapons
  2125 | D:3      | Found Xaoprea's Weapon Shoppe.
  2147 | D:3      | Found a stormy altar of Qazlal.
  2147 | D:3      | Noticed a sky beast
  2153 | D:3      | Reached XP level 5. HP: 40/44 MP: 5/5
  2166 | D:3      | Killed a sky beast
  2438 | D:3      | 2438 ||| UPGRADING to amulet of the acrobat.
  2443 | D:3      | 2443 ||| UPGRADING to amulet of faith.
  2453 | D:3      | 2453 ||| READING scroll labelled IGUAN ZONEIFEKK.
  2463 | D:4      | Noticed a black bear
  2470 | D:4      | Killed a black bear
  2471 | D:4      | Reached XP level 6. HP: 34/53 MP: 6/6
  2551 | D:4      | Found a snail-covered altar of Cheibriados.
  2596 | D:4      | Found a glowing golden altar of the Shining One.
  2596 | D:4      | Found a glowing silver altar of Zin.
  2596 | D:4      | Found a white marble altar of Elyvilon.
  2657 | D:4      | Reached skill level 6 in Ranged Weapons
  2871 | D:4      | Found a staircase to the Ecumenical Temple.
  2872 | D:4      | 2872 ||| PLANNING TEMPLE
  2872 | D:4      | 2872 ||| READING 2 scrolls of identify.
  2872 | D:4      | 2872 ||| IDENTIFYING amethyst potion
  2886 | Temple   | Entered the Ecumenical Temple
  2923 | Temple   | 2923 ||| PLANNING D:1-11
  2977 | D:4      | Found an opulent altar of Gozag.
  3205 | D:4      | 3205 ||| Stepping ~*~*~tactically~*~*~ (water).
  3212 | D:4      | 3212 ||| Stepping ~*~*~tactically~*~*~ (water).
  3488 | D:4      | Found a burning altar of Makhleb.
  3488 | D:4      | Noticed a cacodemon
  3574 | D:4      | Reached skill level 7 in Ranged Weapons
  3683 | D:4      | 3683 ||| DRINKING 2 purple potions.
  3688 | D:4      | 3688 ||| DROPPING potion of ambrosia.
  3742 | D:5      | Entered Level 5 of the Dungeon
  3821 | D:5      | Reached XP level 7. HP: 48/60 MP: 7/7
  3969 | D:5      | Noticed a wraith
  3969 | D:5      | Noticed a steam dragon
  3975 | D:5      | HP: 8/60 [steam dragon] (15)]
  3975 | D:5      | Killed from afar by a steam dragon

Levels and vault maps discovered:
D:1:      lordsloth_arrival_two_stooges, layout_loops_ring, serial_shops,
          nicolae_shop_just_a_little_nook, serial_co_window_serial,
          co_window_paths_a, co_window_of_opportunity_a, co_window_paths_a,
          co_window_corner_a, co_window_corner_a, co_window_of_opportunity_a,
          co_window_corner_a, co_window_corner_ca, co_window_broadway_a,
          co_window_unsneaky_path_e, co_window_unsneaky_path_c,
          co_window_unsneaky_path_b, co_window_corner_b, glass_columns_a,
          glass_columns_b, glass_columns_c
D:2:      layout_loops_ring
D:3:      layout_rooms, nicolae_qazlal_beasts_of_the_sky, serial_shops,
          nicolae_shop_bloodbath_and_beyond
D:4:      wad_lake_hut, layout_basic, good_gods_mini_temple,
          makhleb_altar_promises_db, mainiacjoe_overflow_six_doors_small,
          nicolae_gozag_seed_capital, minmay_temple_entry_arrows
D:5:      kennysheep_windowed_halls, layout_loops_ring, lemuel_tele_altar,
          nicolae_wu_jian_immortal_techniques, nicolae_hexahallways,
          corexii_leaking_fountain, small_statue_intersection,
          minmay_fire_ice_demons
Temple:   nicolae_temple_ecumenical_triangle

Skill      XL: |  1  2  3  4  5  6 |
---------------+-------------------+-----
Ranged Weapons | 3 4 5 7 |  7.9
Fighting       | 2 4 |  4.5
Armour         | 1 |  1.0
Dodging        | |  2.1
Spellcasting   | |  1.0
Hexes          | |  2.0

Action                     |  1- 3 |  4- 6 |  7- 9 || total
---------------------------+-------+-------+-------++-------
   Fire: Sling             |   123 |   166 |    19 ||   308
    Use: Scroll            |     3 |     3 |       ||     6
         Potion            |       |     2 |       ||     2
 Armour: Ring mail         |    10 |    25 |     5 ||    40
  Dodge: Dodged            |    26 |    59 |    13 ||    98

Table legend:
 A = Non-vault XP
 B = Vault XP
 C = Vault XP percentage of total XP
 D = Non-vault monster count
 E = Vault monster count
 F = Vault count percentage of total count
                 A         B        C        D         E       F
            +---------+---------+-------+---------+---------+-------
      Total |     568 |     385 |  40.4 |      89 |       7 |   7.3
            +---------+---------+-------+---------+---------+-------
        D:1 |      51 |       0 |   0.0 |      29 |       0 |   0.0
        D:2 |      65 |       0 |   0.0 |      17 |       0 |   0.0
        D:3 |      89 |     124 |  58.2 |      15 |       1 |   6.2
        D:4 |     363 |       0 |   0.0 |      28 |       0 |   0.0
        D:5 |       0 |     261 | 100.0 |       0 |       6 | 100.0
            +---------+---------+-------+---------+---------+-------
